 Dungeon Crawl Stone Soup version 0.20.0-15-g7f486f2 (webtiles) character file.

165 NoAnimeNoLife the Skirmisher (level 5, 0/46 HPs)
             Began as a Human Fighter on June 13, 2017.
             Succumbed to a scorpion's poison
             ... on level 4 of the Dungeon.
             The game lasted 00:02:42 (2441 turns).

NoAnimeNoLife the Skirmisher (Human Fighter)        Turns: 2441, Time: 00:02:43

Health: 0/46       AC:  6    Str: 16    XL:     5   Next: 75%
Magic:  5/5        EV:  6    Int:  8    God:
Gold:   173        SH:  9    Dex: 14    Spells: 4/4 levels left

rFire    . . .     SeeInvis .   a - +0 flail
rCold    . . .     Gourm    .   c - +0 shield
rNeg     . . .     Faith    .   b - +0 scale mail
rPois    .         Spirit   .   (no helmet)
rElec    .         Reflect  .   y - scarf {cloud immunity}
rCorr    .         Harm     .   (no gloves)
MR       .....                  (no boots)
Stlth    ..........             (no amulet)
Regen    0.2/turn               r - ring of loudness (curse)
MPRegen  0.1/turn               (no ring)

@: lethally poisoned (0 -> -14)
A: no striking features
a: no special abilities


You were on level 4 of the Dungeon.
You were hungry.

You visited 1 branch of the dungeon, and saw 4 of its levels.

You collected 173 gold pieces.

Inventory:

Hand Weapons
 a - a +0 flail (weapon)
Armour
 b - a +0 scale mail (worn)
 c - a +0 shield (worn)
 y - a scarf of cloud immunity (worn)
Jewellery
 r - a cursed ring of loudness (left hand)
 A - a +3 ring of slaying {unknown}
Scrolls
 g - a scroll of enchant weapon {unknown}
 h - a scroll of enchant armour {unknown}
 l - a scroll of blinking {unknown}
 m - 3 scrolls of identify {unknown}
 o - 3 scrolls of teleportation {unknown}
 t - a scroll of fog {unknown}
 v - a scroll of recharging {unknown}
 x - a scroll of immolation {unknown}
 z - a scroll of fear {unknown}
Potions
 d - a potion of might
 e - 2 potions of curing {unknown}
 i - a potion of agility {unknown}
 j - a potion of ambrosia {unknown}
 n - a potion of degeneration {unknown}
 p - 2 potions of heal wounds {unknown}
 s - a potion of brilliance {unknown}
 u - a potion of invisibility {unknown}
 w - a potion of flight {unknown}
Books
 q - a book of Callings

   Spells                             Type                      Level
   a - Summon Small Mammal            Summoning                    1
   b - Call Imp                       Summoning                    2
   c - Call Canine Familiar           Summoning                    3
   d - Summon Guardian Golem          Hexes/Summoning              3
   e - Summon Lightning Spire         Summoning/Air                4
   f - Summon Ice Beast               Ice/Summoning                4
Comestibles
 f - 3 bread rations
 k - 2 meat rations


   Skills:
 * Level 6.0 Fighting
 - Level 2.0 Maces & Flails
 - Level 3.0 Armour
 - Level 3.0 Shields


You had 4 spell levels left.
You didn't know any spells.

Dungeon Overview and Level Annotations

Branches:
Dungeon (4/15)
 Temple: D:4-7

Altars:
Elyvilon
Yredelemnul


Message History

You are too injured to fight recklessly!
You are too injured to fight recklessly!
You are too injured to fight recklessly!
You are too injured to fight recklessly!
You are too injured to fight recklessly!
The scorpion stings you.
You are more poisoned.
The scorpion poisons you!
You hit the scorpion.
The scorpion is severely wounded.
You feel sick. The scorpion barely misses you. The scorpion stings you!
* * * LOW HITPOINT WARNING * * *
You hit the scorpion but do no damage.
The scorpion is severely wounded.
* * * LOW HITPOINT WARNING * * *
You feel sick. The scorpion stings you.
* * * LOW HITPOINT WARNING * * *
You hit the scorpion.
The scorpion is almost dead.
You die...

##...........# #....#
#..........).####.#.#
#.............###.#.#
#.......#.........#.#
#.......##.####........
#.......##.# #.#.#..##
#........).# #...##...
#.)....<#### ###.. ###
######@)# #..# #s##
#..# #.# ... #.# ...
... ..#. #. ..


You could see a scorpion.

Vanquished Creatures
  9 adders
  2 worms (D:2)
  3 leopard geckos (D:2)
  8 orcs
  A ball python (D:3)
  4 giant cockroaches
  9 goblins
  4 hobgoblins
  A quokka (D:3)
  6 bats
  5 frilled lizards
  11 kobolds
  A quokka zombie (D:3)
  7 rats
71 creatures vanquished.

Notes
Turn   | Place    | Note
-------+----------+-------------------------------------------
     0 | D:1      | NoAnimeNoLife the Human Fighter began the quest for the Orb.
     0 | D:1      | Reached XP level 1. HP: 18/18 MP: 1/1
   185 | D:1      | Reached XP level 2. HP: 24/24 MP: 2/2
   647 | D:2      | Reached skill level 4 in Fighting
   647 | D:2      | Reached XP level 3. HP: 28/30 MP: 3/3
   836 | D:2      | Reached XP level 4. HP: 32/38 MP: 4/4
  1333 | D:2      | Reached skill level 5 in Fighting
  1732 | D:3      | Reached XP level 5. HP: 44/44 MP: 5/5
  2230 | D:3      | Found a white marble altar of Elyvilon.
  2321 | D:3      | Found a basalt altar of Yredelemnul.
  2354 | D:3      | Reached skill level 6 in Fighting
  2440 | D:4      | HP: 1/46 [scorpion (6)]
  2441 | D:4      | Succumbed to a scorpion's poison

Skill      XL: |  1  2  3  4  5 |
---------------+----------------+-----
Fighting       | 4 5 6 |  6.0
Maces & Flails | |  2.0
Armour         | |  3.0
Shields        | |  3.0

Action                   |  1- 3 |  4- 6 || total
-------------------------+-------+-------++-------
Melee: Flail             |   103 |   189 ||   292
  Eat: Chunk             |       |     5 ||     5
Armor: Scale mail        |    55 |    84 ||   139
Dodge: Dodged            |    34 |    57 ||    91
Block: Shield            |    41 |    84 ||   125
